 Dungeon Crawl Stone Soup version 0.29.1-2-gbd0b4ee654 (webtiles) character file.

Game seed: 15127102417370631421

47659 Hiippo the Fighter (level 14, -4/147 HPs)
             Began as a Djinni Transmuter on Nov 29, 2022.
             Was the Champion of Elyvilon.
             Slain by a wolf spider (16 damage)
             ... on level 2 of the Lair of Beasts.
             The game lasted 03:30:27 (18981 turns).

Hiippo the Fighter (Djinni Transmuter)             Turns: 18981, Time: 03:30:27

Health: -4/147     AC: 18    Str: 11    XL:     14   Next: 82%
Gold:   1640       EV: 12    Int: 24    God:    Elyvilon [******] SH:  0 Dex: 14

rFire   x . .      SeeInvis .     - Unarmed
rCold   + + +      Faith    .   (shield currently unavailable)
rNeg    . . .      Spirit   .   (body armour currently unavailable)
rPois   ∞          Reflect  .   (helmet currently unavailable)
rElec   .          Harm     .   (cloak currently unavailable)
rCorr   .          Rampage  .   (gloves currently unavailable)
Will    +....                   (boots unavailable)
Stlth   +.........              b - amulet of regeneration
HPRegen 1.14/turn               I - +4 ring of protection
MPRegen 0.00/turn               Q - +6 ring of intelligence

@: divinely vigorous, ice-form, wereblooded, spiked, flying
A: freezing attack, flying, boosted hp, sickness immunity, large, (fire
resistance 2), (cold vulnerability 1), float, innate caster, HP casting, extra
vitality 1
a: End Transformation, Renounce Religion, Purification, Heal Other, Heal Self,
Divine Vigour


You were on level 2 of the Lair of Beasts.
You worshipped Elyvilon.
Elyvilon was exalted by your worship.
You were a creature of crystalline ice.
You visited 4 branches of the dungeon, and saw 19 of its levels.
You also visited: Ossuary and Bailey.

You collected 1760 gold pieces.
You spent 120 gold pieces at shops.

Inventory:

Missiles
 L - 4 throwing nets
Armour
 a - a +0 robe
 i - a +1 cloak (melded)
 j - a +0 hat
 v - a +1 pair of gloves (melded)
 z - +0 steam dragon scales
 G - a +2 robe of resistance
 M - a +2 robe of the Archmagi (melded)
 N - a +0 hat of see invisible (melded)
Jewellery
 b - an amulet of regeneration (around neck)
 A - a ring of resist corrosion
 I - a +4 ring of protection (left front paw)
 J - a ring of fire
 Q - a +6 ring of intelligence (right front paw)
 T - an amulet of reflection
Wands
 w - a wand of polymorph (10)
 y - a wand of paralysis (20)
 K - a wand of flame (20)
 S - a wand of iceblast (5)
Scrolls
 d - 3 scrolls of vulnerability
 f - 3 scrolls of enchant weapon
 g - a scroll of silence
 h - 9 scrolls of teleportation
 l - 2 scrolls of immolation
 o - 5 scrolls of magic mapping
 q - 3 scrolls of enchant armour
 r - a scroll of butterflies
 s - 4 scrolls of noise
 t - 2 scrolls of brand weapon
 x - 6 scrolls of amnesia
 E - 2 scrolls of poison
 H - 6 scrolls of identify
 P - 2 scrolls of summoning
Potions
 c - 2 potions of mutation
 e - 6 potions of curing
 k - 5 potions of brilliance
 m - 2 potions of might
 n - 3 potions of haste
 p - 3 potions of resistance
 u - 2 potions of invisibility
 B - 7 potions of flight
 C - 2 potions of berserk rage
 D - 3 potions of cancellation
 O - 2 potions of magic {unknown}
 R - 4 potions of ambrosia {unknown}
Miscellaneous
 F - a phial of floods


   Skills:
 + Level 14.3 Fighting
 - Level 6.7 Dodging
 - Level 13.0 Unarmed Combat
 + Level 11.4 Spellcasting
 + Level 3.6 Invocations


You had 6 spell levels left.
You knew the following spells:

 Your Spells              Type           Power      Damage    Failure   Level
a - Beastly Appendage     Tmut           100%       N/A       1%          1
b - Wereblood             Tmut           62%        N/A       1%          2
c - Spider Form           Tmut/Pois      62%        N/A       1%          3
d - Ice Form              Ice/Tmut       62%        N/A       1%          4
e - Shock                 Conj/Air       100%       1d9       1%          1
f - Passwall              Tmut/Erth      51%        N/A       1%          2
g - Stone Arrow           Conj/Erth      100%       3d13      1%          3
h - Sticky Flame          Conj/Fire      62%        2d8       1%          4
i - Summon Lightning Spi  Summ/Air       62%        N/A       1%          4
j - Lightning Bolt        Conj/Air       31%        1d48      1%          5
Your spell library was empty.

Dungeon Overview and Level Annotations

Branches:
Dungeon (12/15)            Temple (1/1) D:6            Lair (5/5) D:10
 Shoals (0/4) Lair:3       Spider (1/4) Lair:2        Slime (0/5) Lair:4
    Orc (0/2) D:11        Ossuary (visited)          Bailey (visited)

Altars:
Ashenzari
Cheibriados
Dithmenos
Elyvilon
Fedhas
Gozag
Hepliaklqana
Makhleb
Nemelex Xobeh
Okawaru
Qazlal
Ru
Trog
Uskayaw
Wu Jian
Xom
Yredelemnul
Zin
The Shining One

Shops:
D:6 ?   D:9 [:*

Annotations:
D:12 3 runed translucent doors, Jingleheimer's ghost, journeyman TrFi
Temple 4 transporters
Lair:3 1 runed translucent door, ratmagoo's ghost, journeyman GrEE
Lair:5 1 runed translucent door, Kazon's ghost, journeyman NaBe


Innate Abilities, Weirdness & Mutations

You are a creature of crystalline ice.
You have a powerful freezing melee attack.
You are flying.
Your maximum health is increased.
Your armour is entirely melded.
You are incapable of wielding weapons or throwing items.
You are immune to sickness and miasma.
You are immune to poison.
((Your flesh is very heat resistant. (rF++)))
((You are vulnerable to cold. (rC-)))
You float through the air rather than walking.
You learn spells naturally, not from books.
Your magical power is your life essence.
You have superior vitality. (+4 MHP)


Message History

The wolf spider hits you but does no damage.
The wolf spider bites you!
* * * LOW HITPOINT WARNING * * *
You feel better.
You howl as the wereblood boils in your veins!
The redback barely misses you. The redback bites you!
* * * LOW HITPOINT WARNING * * *
The wolf spider hits you. Elyvilon protects you from harm!
The wolf spider bites you. Elyvilon protects you from harm!
The redback bites you but does no damage. x2
The wolf spider hits you! Elyvilon protects you from harm!
The wolf spider bites you but does no damage.
Elyvilon grants you divine vigour. The redback completely misses you.
The redback bites you.
* * * LOW HITPOINT WARNING * * *
The wolf spider closely misses you. The wolf spider bites you.
Elyvilon protects you from harm!
You are healed.
You howl as the wereblood boils in your veins!
The redback bites you.
* * * LOW HITPOINT WARNING * * *
The redback bites you but does no damage.
The wolf spider barely misses you. The wolf spider bites you!
* * * LOW HITPOINT WARNING * * *
The redback bites you but does no damage. x2
The wolf spider hits you!
* * * LOW HITPOINT WARNING * * *
The wolf spider bites you but does no damage.
Aiming: Iceblast
Press: ? - help, Q - select action, (/) - cycle Shift-Dir - straight line
Okay, then.
The barbed spikes dig painfully into your body as you move.
* * * LOW HITPOINT WARNING * * *
You are healed.
The redback bites you!
* * * LOW HITPOINT WARNING * * *
The redback closely misses you. The wolf spider hits you!
You die...

...#..##....#.......##....##.....
...#........#.......##...####..##
...#####........#...##....###.###
.#.#..##.....#.#.##^#.^..#..#....
##...........#^.^.#..##..........
...............#^##....#.........
..............####^^^.#^.........
.............##.#s>.##.#.........
................Ys..^^.#.##.P##..
###..#..#....^.^.s.####^...####.#
#.#####.....#...##.^#..#.......
#.### #...#.....#.^^..#........
###.#.# #....#.###......#P.......
#.#..####...............##.......
.....# #.....#....#......#.....>.
###..# ##....#...................
###.# #......#P........#.......


You could see a wolf spider and 2 redbacks.

Vanquished Creatures
  Gastronok (Lair:1)
  Josephine (D:12)
  A boulder beetle (Lair:2)
  3 catoblepae (Lair:5)
  A hydra (Lair:5)
  2 two-headed ogres
  2 death yaks (Lair:5)
  A lindwurm (Lair:5)
  An orc sorcerer (D:7)
  An ugly thing (D:12)
  9 elephants
  2 manticores (Lair:5)
  The ghost of gregunderscorem the Stinger, a novice OpTm of Gozag (D:6)
  9 black mambas
  A gargoyle (D:11)
  10 cane toads
  11 komodo dragons
  3 rime drakes
  4 trolls
  A hornet (D:8)
  3 polar bears
  16 blink frogs
  A tarantella (Spider:1)
  2 wraiths
  5 wyverns
  2 culicivoras (Spider:1)
  A shadow (D:12)
  4 fire bats (Lair:1)
  27 yaks
  2 basilisks
  3 vampire mosquitoes (D:10)
  6 steam dragons
  2 redbacks
  Menkaure (Ossuary)
  An acid dragon (D:8)
  2 ice beasts
  7 water moccasins
  3 sky beasts
  8 orc warriors
  A black bear (D:5)
  5 wolves
  3 centaurs
  2 ogres
  2 phantoms (D:5)
  11 bullfrogs
  4 kobold brigands
  A scorpion (D:5)
  13 wights
  5 killer bees (D:9)
  A howler monkey (D:9)
  3 electric eels (D:10)
  4 crimson imps (D:5)
  10 hounds
  5 orc priests
  3 gnoll boudas
  6 iguanas
  6 orc wizards
  3 mummies (Ossuary)
  4 gnolls (D:7)
  11 adders
  A river rat (D:6)
  A shadow imp (D:7)
  8 white imps
  2 ufetubi (D:6)
  3 worms
  4 dart slugs
  31 orcs
  7 bats
  5 endoplasms
  6 giant cockroaches
  3 gnoll zombies (Ossuary)
  10 goblins
  5 hobgoblins
  12 jackals (D:1)
  32 kobolds
  2 quokkas
  9 ball pythons
  2 frilled lizards
  A gnoll skeleton (Ossuary)
  9 goblin skeletons (Ossuary)
  5 goblin zombies (Ossuary)
  5 hobgoblin skeletons (Ossuary)
  5 hobgoblin zombies (Ossuary)
  5 kobold skeletons (Ossuary)
  4 kobold zombies (Ossuary)
  3 orc skeletons (Ossuary)
  4 orc zombies (Ossuary)
  4 rats
  2 rat skeletons (Ossuary)
  4 rat zombies (Ossuary)
458 creatures vanquished.

Vanquished Creatures (collateral kills)
  Harold (Lair:1)
  2 death yaks (Lair:5)
  An orc knight (D:11)
  2 elephants (Lair:2)
  A merfolk siren (Lair:3)
  A black mamba (Lair:1)
  A cane toad (Lair:1)
  A troll (D:11)
  3 wraiths (D:12)
  2 yaks
  A fire bat (Lair:1)
  A basilisk (D:12)
  2 acid dragons
  2 water moccasins (Lair:1)
  5 orc warriors
  A bullfrog (Lair:2)
  5 killer bees (D:9)
  2 hounds (D:10)
  An orc priest (D:9)
  2 orc wizards (D:9)
  8 orcs
  6 kobolds
  2 goblins (D:9)
53 creatures vanquished.

Vanquished Creatures (others)
  A wizard (D:7)
  30 fungi
  32 plants
  5 withered plants
68 creatures vanquished.

Grand Total: 579 creatures vanquished

Notes
Turn   | Place    | Note
-------+----------+-------------------------------------------
     0 | D:1      | Hiippo the Djinni Transmuter began the quest for the Orb.
     0 | D:1      | Hiippo set off with the following spells memorised: Beastly
                  | Appendage, Wereblood, Spider Form, Ice Form.
     0 | D:1      | Reached XP level 1. HP: 17/17 MP: 0/0
   474 | D:1      | Reached XP level 2. HP: 17/22 MP: 0/0
   612 | D:1      | Found a faded altar of an unknown god.
   686 | D:1      | Reached XP level 3. HP: 27/27 MP: 0/0
   686 | D:1      | Learned a level 1 spell: Shock
  1437 | D:2      | Reached XP level 4. HP: 33/33 MP: 0/0
  1544 | D:2      | Reached skill level 2 in Fighting
  2440 | D:3      | Reached XP level 5. HP: 38/38 MP: 0/0
  2440 | D:3      | Learned a level 2 spell: Passwall
  3125 | D:4      | Noticed an ogre
  3338 | D:4      | Found a white marble altar of Elyvilon.
  3459 | D:4      | Found a basalt altar of Yredelemnul.
  3837 | D:5      | Entered Level 5 of the Dungeon
  3845 | D:5      | Reached XP level 6. HP: 44/45 MP: 0/0
  4143 | D:4      | Became a worshipper of Elyvilon the Healer
  4321 | D:5      | Reached skill level 3 in Fighting
  4359 | D:5      | Noticed a steam dragon
  4359 | D:5      | Noticed a steam dragon
  4485 | D:4      | Killed an ogre
  4973 | D:5      | Identified the +5 mace "Teuzetuw" {vorpal, rElec MP-9
                  | Dex+4}
  5053 | D:5      | Reached XP level 7. HP: 49/50 MP: 0/0
  5053 | D:5      | Learned a level 3 spell: Stone Arrow
  5132 | D:5      | Killed a steam dragon
  5141 | D:5      | Reached skill level 4 in Fighting
  5146 | D:5      | Reached skill level 5 in Unarmed Combat
  5216 | D:5      | Identified the +0 ring mail of Starshine {rN+ Str+3}
  5217 | D:5      | Found a shimmering altar of Xom.
  5300 | D:5      | Reached XP level 8. HP: 50/58 MP: 0/0
  5570 | D:5      | Reached skill level 5 in Fighting
  5895 | D:6      | Found a sand-covered staircase.
  5895 | D:6      | Reached * piety under Elyvilon
  5902 | Ossuary  | Entered an ossuary
  6204 | Ossuary  | Noticed Menkaure
  6210 | Ossuary  | Killed Menkaure
  6211 | Ossuary  | Reached skill level 5 in Spellcasting
  6211 | Ossuary  | Reached XP level 9. HP: 62/66 MP: 0/0
  6211 | Ossuary  | Learned a level 4 spell: Sticky Flame
  6336 | D:6      | Found a staircase to the Ecumenical Temple.
  6429 | D:6      | Found Biheush's Magic Scroll Shop.
  6513 | D:6      | Reached skill level 6 in Fighting
  6795 | D:6      | Found a runed translucent door.
  6797 | D:6      | Noticed gregunderscorem's ghost (novice OpTm)
  6824 | D:6      | Killed gregunderscorem's ghost
  6831 | D:6      | Found a runed translucent door.
  6866 | D:6      | Reached skill level 7 in Fighting
  7284 | D:6      | Noticed a two-headed ogre
  7288 | D:6      | Killed a two-headed ogre
  7289 | D:6      | Reached skill level 8 in Fighting
  7289 | D:6      | Reached XP level 10. HP: 52/76 MP: 0/0
  7624 | D:7      | Reached ** piety under Elyvilon
  7705 | D:7      | Noticed a wizard
  7706 | D:7      | Noticed an orc sorcerer
  7707 | D:7      | Noticed a smoke demon
  7721 | D:7      | Noticed a rust devil
  7728 | D:7      | Killed an orc sorcerer
  7734 | D:7      | Killed a wizard
  8178 | D:8      | HP: 1/115 [steam dragon/ball of steam (20)]
  8180 | D:8      | Reached skill level 9 in Fighting
  8180 | D:8      | Reached XP level 11. HP: 4/84 MP: 0/0
  8180 | D:8      | Learned a level 4 spell: Summon Lightning Spire
  8312 | D:8      | Found a broken altar of Ashenzari.
  8590 | D:8      | Found a glowing golden altar of the Shining One.
  8798 | D:9      | Found a flagged portal.
  8813 | Bailey   | Entered a bailey
  8919 | Bailey   | Identified the +0 robe of Valiance {Int+3}
  8969 | Bailey   | Reached skill level 10 in Unarmed Combat
  9129 | D:9      | Reached *** piety under Elyvilon
  9360 | D:9      | Found Xag Leuk's General Store.
  9397 | D:9      | Bought a potion of berserk rage for 75 gold pieces
  9397 | D:9      | Bought a scroll of teleportation for 45 gold pieces
  9436 | D:9      | Found Rics's Book Shoppe.
  9480 | D:9      | Found Siur's Antique Armour Shoppe.
  9892 | D:10     | Entered Level 10 of the Dungeon
  9956 | D:10     | Reached **** piety under Elyvilon
 10190 | D:10     | Found a hide-covered altar of Uskayaw.
 10197 | D:10     | Reached skill level 10 in Fighting
 10481 | D:10     | Found a staircase to the Lair.
 10895 | D:11     | Noticed a two-headed ogre
 10972 | D:10     | Killed a two-headed ogre
 11084 | D:11     | Reached ***** piety under Elyvilon
 11240 | D:11     | Reached XP level 12. HP: 88/92 MP: 0/0
 11339 | D:11     | Found a staircase to the Orcish Mines.
 12028 | D:12     | Found a runed translucent gate.
 12028 | D:12     | Found a runed translucent gate.
 12028 | D:12     | Found a runed translucent gate.
 12029 | D:12     | Noticed Jingleheimer's ghost (journeyman TrFi)
 12240 | D:12     | Reached skill level 11 in Fighting
 12241 | D:12     | Noticed Josephine
 12248 | D:12     | Killed Josephine
 12646 | D:11     | Elyvilon protects you from harm!
 12647 | D:11     | HP: 4/94 [orc knight/bolt (12)]
 12968 | Lair:1   | Entered Level 1 of the Lair of Beasts
 13101 | Lair:1   | Noticed Harold
 13108 | Lair:1   | Killed Harold
 13315 | Lair:1   | Noticed Gastronok
 13330 | Lair:1   | HP: 1/94 [komodo dragon (20)]
 13548 | Lair:1   | Killed Gastronok
 13549 | Lair:1   | Reached XP level 13. HP: 60/100 MP: 0/0
 13549 | Lair:1   | Learned a level 5 spell: Lightning Bolt
 13751 | Lair:2   | Reached skill level 12 in Fighting
 14158 | Lair:2   | Found a hole to the Spider Nest.
 14206 | Lair:2   | Reached ****** piety under Elyvilon
 14360 | Lair:2   | Reached skill level 10 in Spellcasting
 14388 | Lair:2   | Noticed a boulder beetle
 14407 | Lair:2   | Killed a boulder beetle
 15378 | Lair:3   | Found a runed translucent door.
 15380 | Lair:3   | Identified the +0 spear of Lylustud {vorpal, rC++}
 15380 | Lair:3   | Noticed ratmagoo's ghost (journeyman GrEE)
 15421 | Lair:3   | Found a staircase to the Shoals.
 15936 | Lair:4   | Identified the +1 great sword of the Head {vorpal, *Noise
                  | Will+ rCorr}
 16064 | Lair:4   | Reached skill level 13 in Fighting
 16219 | Lair:4   | Found a staircase to the Slime Pits.
 16526 | Lair:5   | Entered Level 5 of the Lair of Beasts
 16526 | Lair:5   | Noticed a seven-headed hydra
 16528 | Lair:5   | Killed a seven-headed hydra
 16726 | Lair:4   | Reached XP level 14. HP: 95/110 MP: 0/0
 16753 | Lair:5   | Reached skill level 5 in Dodging
 17446 | Lair:5   | Found a runed translucent door.
 17450 | Lair:5   | Noticed Kazon's ghost (journeyman NaBe)
 17545 | Lair:5   | Reached skill level 1 in Invocations
 17599 | Lair:5   | Reached skill level 14 in Fighting
 18773 | Temple   | Entered the Ecumenical Temple
 18773 | Temple   | Found a transporter.
 18773 | Temple   | Found a transporter.
 18775 | Temple   | Found a transporter.
 18775 | Temple   | Found a transporter.
 18948 | Spider:1 | Entered Level 1 of the Spider Nest
 18976 | Lair:2   | HP: 6/134 [wolf spider (11)]
 18977 | Lair:2   | Elyvilon protects you from harm!
 18977 | Lair:2   | Elyvilon protects you from harm!
 18977 | Lair:2   | Elyvilon protects you from harm!
 18978 | Lair:2   | Elyvilon protects you from harm!
 18981 | Lair:2   | Slain by a wolf spider

Illustrated notes

Levels and vault maps discovered:
D:1:      lightli_iron_boxes, layout_basic,
          hellmonk_ecumenical_altar_dog_temple, minmay_distorted
D:2:      wad_pebble_path, layout_basic, kennysheep_cluttered_room
D:3:      layout_basic, old_standard_altar
D:4:      layout_cave_pools, yredelemnul_altar_generic,
          mainiacjoe_overflow_six_doors_small, grunt_ministairs_7,
          hangedman_decor_push
D:5:      layout_loops_ring, led_xom_imps, serial_rivers,
          chequers_serial_rivers_room_a, chequers_serial_rivers_large_a,
          chequers_serial_rivers_large_b, chequers_serial_rivers_small_3,
          chequers_serial_rivers_marsh, chequers_serial_rivers_room_a,
          minmay_divided_ellipse
D:6:      layout_cave_pods, minmay_temple_entry_water_ring, serial_demonic,
          serial_demonic_a, serial_demonic_a, serial_demonic_d,
          serial_demonic_a, ebering_ghost_sewer_f, serial_shops,
          nicolae_shop_crystal, chequers_ossuary_entry_cave,
          minmay_joined_circles
D:7:      cheibrodos_wizards_tower, layout_rooms, hex_large
D:8:      layout_rooms, nicolae_tso_swordbearing_angel,
          cheibrodos_ashenzari_chains
D:9:      layout_irregular_city, serial_shops, nicolae_shop_behind_doors,
          nicolae_shop_statue_plus, nicolae_shop_advertising_works
          [nicolae_subvault_shop_adworks], enter_bailey_3
D:10:     layout_basic, nicolae_uskayaw_dance_studio, erik_lair_island,
          kennysheep_nondescript, st_stairs_1, dk_rats_in_the_wall
D:11:     layout_roguey, minmay_orc_entry_temple_small, grunt_ogre_cave
D:12:     layout_layer_cave, special_room [special_room_orc],
          gammafunk_ghost_nasty_kobolds, uniq_josephine
Temple:   hellmonk_temple_divided_pantheon
Lair:1:   layout_gridlike, uniq_gastronok, uniq_harold
Lair:2:   layout_regular_city, spider_nest_entry_rubble, patterned_corridor
Lair:3:   layout_gridlike, minmay_shoals_entry_lonely_mermaid,
          ebering_ghost_funeral_grove
Lair:4:   layout_roguey, dpeg_slime_entry_corner
Lair:5:   evilmike_catoblepas_cave, layout_gridlike, gammafunk_ghost_grave,
          st_stairs_5
Spider:1: layout_spider_delve, portal_ice_cave_entry_ice_statue_one

Skill      XL: |  1  2  3  4  5  6  7  8  9 10 11 12 13 14 |
---------------+-------------------------------------------+-----
Spellcasting   | 2 3 4 5 6 7 8 9 10 11 | 11.4
Fighting       | 2 3 4 5 8 9 10 11 13 14 | 14.3
Unarmed Combat | 4 5 6 8 9 10 12 13 | 13.0
Dodging        | 4 6 |  6.7
Invocations    | 3 |  3.6

Action                   |  1- 3 |  4- 6 |  7- 9 | 10-12 | 13-15 || total
-------------------------+-------+-------+-------+-------+-------++-------
Melee: Unarmed           |    94 |    71 |   246 |   223 |   195 ||   829
       Headbutt          |     9 |    10 |    22 |    12 |     9 ||    62
       Punch             |     2 |     2 |     2 |     6 |    11 ||    23
 Cast: Beastly Appendage |    14 |    16 |    12 |    17 |     9 ||    68
       Shock             |    15 |   110 |    47 |   154 |    31 ||   357
       Wereblood         |     1 |       |    15 |    13 |     1 ||    30
       Spider Form       |       |     4 |    15 |     4 |     2 ||    25
       Passwall          |       |     2 |       |       |       ||     2
       Stone Arrow       |       |       |    13 |   110 |    53 ||   176
       Ice Form          |       |       |     4 |    27 |    13 ||    44
       Sticky Flame      |       |       |       |     6 |       ||     6
       Summon Lightning  |       |       |       |    46 |    13 ||    59
       Lightning Bolt    |       |       |       |       |    92 ||    92
Invok: Heal Self         |       |       |       |     1 |     5 ||     6
       Divine Vigour     |       |       |       |       |     1 ||     1
 Abil: End Transformatio |       |       |       |     1 |       ||     1
Evoke: Wand              |       |       |       |     3 |     2 ||     5
       Phial of floods   |       |       |       |     1 |       ||     1
  Use: Potion            |     1 |     4 |     2 |     5 |     5 ||    17
       Scroll            |       |    14 |     1 |    12 |     2 ||    29
 Stab: Sleeping          |       |     1 |       |       |       ||     1
       Paralysed         |       |       |       |       |     5 ||     5
Armor: Robe              |    22 |    14 |    25 |    15 |    38 ||   114
       Skin              |     2 |       |    24 |    48 |    92 ||   166
Dodge: Dodged            |    75 |    58 |   162 |   160 |   133 ||   588
